 Dungeon Crawl Stone Soup version 0.29.0-15-g675c0067aa (webtiles) character file.

Game seed: 2339833149144278256

136231 Persephone the Slayer (level 16, -3/168 (169) HPs)
             Began as a Minotaur Berserker on Sept 11, 2022.
             Was a High Priest of Trog.
             Slain by an alligator (11 damage)
             ... on level 4 of the Swamp.
             The game lasted 00:59:25 (34008 turns).

Persephone the Slayer (Minotaur Berserker)         Turns: 34008, Time: 00:59:25

HP:   -3/168 (169)  AC: 17    Str: 34    XL:     16   Next: 66%
MP:   15/15         EV:  7    Int: 10    God:    Trog [*****.]
Gold: 1192          SH:  5    Dex: 12    Spells: 15/15 levels left

rFire   + . .      SeeInvis .   K - +5 broad axe (flame)
rCold   . . .      Faith    .   (no shield)
rNeg    . . .      Spirit   .   I - +3 chain mail {rF+}
rPois   +          Reflect  +   T - +2 hat
rElec   +          Harm     .   m - scarf {shadows}
rCorr   +          Rampage  .   w - +0 pair of gloves
Will    ++...                   (no boots)
Stlth   ..........              g - amulet of reflection
HPRegen 0.38/turn               H - ring "Napie" {rElec rPois Will+ rCorr Int+6}
MPRegen 0.14/turn               W - +6 ring of strength

@: marked, grasped by roots, corroded, constricted, lightly drained
A: horns 2, retaliatory headbutt
a: Renounce Religion, Berserk, Trog's Hand, Brothers in Arms


You were on level 4 of the Swamp.
You worshipped Trog.
Trog was extremely pleased with you.
You visited 4 branches of the dungeon, and saw 26 of its levels.
You also visited: Ossuary and Volcano.

You collected 2563 gold pieces.
You spent 1371 gold pieces at shops.

Inventory:

Hand Weapons
 a - a +0 broad axe of flaming
 c - a +2 antimagic broad axe
 K - a +5 broad axe of flaming (weapon)
Armour
 m - a scarf of shadows (worn)
 w - a +0 pair of gloves (worn)
 I - a +3 chain mail of fire resistance (worn)
 T - a +2 hat (worn)
Jewellery
 e - a ring of see invisible
 f - a ring of protection from fire
 g - an amulet of reflection (around neck)
 i - a ring of protection from cold
 n - a ring of flight
 D - a ring of magical power
 H - the ring "Napie" (left hand) {rElec rPois Will+ rCorr Int+6}
   (You found it on level 9 of the Dungeon)

   [ring of intelligence]

   Int:       It affects your intelligence (+6).
   rElec:     It insulates you from electricity.
   rPois:     It protects you from poison.
   rCorr:     It protects you from acid and corrosion.
   Will:      It increases your willpower.
 J - an amulet of guardian spirit
 O - a ring of positive energy
 Q - a ring of poison resistance
 R - a ring of resist corrosion
 W - a +6 ring of strength (right hand)
Wands
 h - a wand of acid (45)
 q - a wand of digging (6)
 t - a wand of roots (42)
 v - a wand of polymorph (16)
 y - a wand of flame (81)
 A - a wand of mindburst (26)
 L - a wand of paralysis (29)
Scrolls
 p - a scroll of summoning
 r - 6 scrolls of teleportation
 s - a scroll of blinking
 E - 6 scrolls of enchant armour
 F - 2 scrolls of fog
 G - 6 scrolls of fear
 N - 2 scrolls of poison
 P - 11 scrolls of identify
 S - a scroll of enchant weapon
 V - a scroll of silence
Potions
 b - 3 potions of lignification
 d - 12 potions of curing
 j - 12 potions of heal wounds
 k - 2 potions of resistance
 l - 3 potions of mutation
 o - 3 potions of might
 u - 9 potions of attraction
 x - 7 potions of haste
 z - a potion of cancellation
 B - 4 potions of flight
 C - a potion of berserk rage
 M - a potion of ambrosia
 U - a potion of magic {unknown}
 Y - 2 potions of invisibility
Miscellaneous
 Z - a lightning rod (4/4)


   Skills:
 * Level 22.2 Fighting
 - Level 18.8 Axes
 * Level 18.4 Armour
 - Level 2.4 Dodging
 * Level 15.1 Shields
 + Level 4.5 Evocations


You had 15 spell levels left.
You didn't know any spells.
Your spell library was empty.

Dungeon Overview and Level Annotations

Branches:
Dungeon (15/15)            Temple (0/1) D:6            Lair (5/5) D:8
  Swamp (4/4) Lair:2       Spider (0/4) Lair:2        Slime (0/5) Lair:5
    Orc (2/2) D:10            Elf (0/3) Orc:2        Vaults (0/5) D:13
 Depths (0/4) D:15        Ossuary (visited)         Volcano (visited)

Altars:
Elyvilon
Fedhas
Kikubaaqudgha
Nemelex Xobeh
Okawaru
Qazlal
Uskayaw
Zin
The Shining One

Shops:
D:2 (   D:4 *   D:6 !   Orc:1 =(?:   Orc:2 !*!?*

Annotations:
D:7 2 transporters
D:13 3 runed translucent doors


Innate Abilities, Weirdness & Mutations

You have a pair of horns on your head.
You reflexively headbutt those who attack you in melee.


Message History

You fall into the shallow water.
Moving in this stuff is going to be slow.
A goliath frog and a swamp worm come into view.
As you read the scroll of blinking, it crumbles to dust.
The goliath frog hits you from afar.
You are splashed with acid.
You resist. The swamp worm closely misses you. You furiously retaliate!
You headbutt the swamp worm!
Unknown command.
An alligator comes into view.
The swamp worm completely misses you. You furiously retaliate!
You headbutt the swamp worm. The goliath frog misses you.
The swamp worm attacks as you move away!
The swamp worm barely misses you. You furiously retaliate!
You headbutt the swamp worm.
The swamp worm fires a harpoon shot at you.
The harpoon shot misses you. You block the goliath frog's attack.
A shambling mangrove comes into view.
The goliath frog closely misses you. You block the swamp worm's attack.
The alligator bites you. The alligator tail-slaps you.
* * * LOW HITPOINT WARNING * * *
The goliath frog hits you from afar!
* * * LOW HITPOINT WARNING * * *
The acid corrodes you!
You are splashed with acid.
You resist.
* * * LOW HITPOINT WARNING * * *
The alligator barely misses you. You furiously retaliate!
You headbutt the alligator, but do no damage.
The alligator closely misses you.
There is a stone staircase leading up, spattered with blood here.
The swamp worm bites you!
* * * LOW HITPOINT WARNING * * *
The goliath frog hits you from afar!
* * * LOW HITPOINT WARNING * * *
You are splashed with acid.
You resist.
* * * LOW HITPOINT WARNING * * *
Roots burst forth from the earth!
The grasping roots grab you! The grasping roots constrict you!
* * * LOW HITPOINT WARNING * * *
The alligator bites you!
You die...

♣♣♣♣♣♣♣♣
....~~.♣♣♣♣♣
~~..~~~~~.§♣
~~f..~†...♣
...~~~@w.~♣♣
.?.~~~~t~x.♣♣♣
.~§.~~~iFi~~.♣♣
.♣♣♣♣.~~~~~~~.♣♣
~.~~~~~i~~§.♣
...~~~§~~~~~.♣
.♣~~~§~~~~~~:♣♣
♣~~~.~..♣♣..§♣♣
♣~♣♣♣~.♣.~.~§.♣


You could see a shambling mangrove, a bunyip, an alligator, 3 spriggan riders, a
goliath frog and a swamp worm.

Vanquished Creatures
  A thorn hunter (Swamp:2)
  Kirke (D:14)
  2 orc warlords (Orc:2)
  6 eleionomae
  Snorg (Orc:1)
  A bunyip (Swamp:2)
  A great orb of eyes (D:15)
  A shambling mangrove (Swamp:1)
  2 rakshasas (D:15)
  An ice dragon (shapeshifter) (D:15)
  3 catoblepae
  10 boulder beetles
  A ghost crab (Swamp:4)
  Fannar (Lair:1)
  2 ogre magi
  5 centaur warriors
  10 two-headed ogres
  11 hydras
  19 death yaks
  A tengu warrior (D:13)
  A death knight (D:13)
  Urug (Lair:5)
  2 alligators (Swamp:2)
  2 spriggan berserkers (Swamp:2)
  3 goliath frogs
  4 skeletal warriors (D:15)
  A spriggan druid (Swamp:3)
  2 death drakes (Swamp:2)
  3 swamp dragons
  4 bog bodies
  3 wizards
  3 orc sorcerers
  A wolf spider (D:13)
  A deep elf pyromancer (Volcano)
  A will-o-the-wisp (Swamp:1)
  7 cyclopes
  22 ugly things
  A manticore (D:12)
  5 orc knights
  2 salamanders (Volcano)
  8 elephants
  Maurice (D:10)
  3 black mambas
  22 cane toads
  5 molten gargoyles (Volcano)
  2 gargoyles (Volcano)
  3 rime drakes
  5 komodo dragons
  An efreet (D:13)
  2 unseen horrors (D:11)
  A yaktaur (D:15)
  10 trolls
  8 polar bears
  Grinder (D:6)
  8 tyrant leeches
  6 hornets
  16 slime creatures
  16 blink frogs (Lair:5)
  A centaur simulacrum (D:15)
  A jumping spider (shapeshifter) (D:13)
  2 shadows
  4 spriggans
  4 wraiths
  A wyvern (D:8)
  16 humans (D:13)
  21 yaks
  4 hogs
  3 basilisks
  A steam dragon (D:5)
  19 vampire mosquitoes
  5 redbacks
  12 swamp worms
  2 acid dragons
  3 wargs (Orc:2)
  14 water moccasins
  A swamp drake (Swamp:1)
  43 orc warriors
  An ice beast (D:6)
  21 wolves
  5 black bears
  2 ogres
  4 boggarts (D:14)
  14 centaurs
  An elf zombie (D:8)
  A kobold brigand (D:8)
  A necrophage (D:5)
  A two-headed ogre simulacrum (Lair:3)
  14 bullfrogs
  An elf skeleton (D:8)
  5 scorpions
  7 wights (D:7)
  8 killer bees
  12 howler monkeys
  4 electric eels
  3 lava snakes (D:7)
  A human zombie (D:8)
  5 hounds
  4 jellies (Lair:5)
  20 orc priests
  4 human skeletons (D:8)
  2 iguanas (D:5)
  Ijyb (D:3)
  2 spriggan simulacra (Lair:3)
  20 orc wizards
  A mummy (Ossuary)
  12 gnolls
  10 adders
  A shadow imp (D:5)
  2 white imps (D:7)
  15 dart slugs
  103 orcs
  2 spectral bats (Ossuary)
  4 ball pythons (D:1)
  5 endoplasms
  A giant cockroach (D:4)
  8 goblins
  5 hobgoblins
  8 jackals (D:2)
  6 kobolds
  4 quokkas
  3 bats
  4 bat simulacra (Ossuary)
  A frilled lizard (D:1)
  12 gnoll zombies (Ossuary)
  5 goblin simulacra (Ossuary)
  3 goblin zombies (Ossuary)
  5 hobgoblin zombies (Ossuary)
  2 kobold simulacra (Ossuary)
  7 kobold zombies (Ossuary)
  3 orc skeletons (D:8)
  4 orc zombies
  8 rats
  3 rat simulacra (Ossuary)
  4 spectral goblins (Ossuary)
  3 spectral kobolds (Ossuary)
  5 spectral rats (Ossuary)
847 creatures vanquished.

Vanquished Creatures (others)
  2 bloated husks
  A swamp worm (Swamp:4)
  4 briar patches (Swamp:2)
  A bush (D:4)
  A butterfly (D:14)
  4 foxfires (Swamp:1)
  14 fungi
  95 plants
122 creatures vanquished.

Grand Total: 969 creatures vanquished

Notes
Turn   | Place    | Note
-------+----------+-------------------------------------------
     0 | D:1      | Persephone the Minotaur Berserker began the quest for the
                  | Orb.
     0 | D:1      | Reached XP level 1. HP: 19/19 MP: 0/0
   155 | D:1      | Reached XP level 2. HP: 27/27 MP: 1/1
   434 | D:1      | Reached skill level 4 in Fighting
   957 | D:2      | Reached XP level 3. HP: 33/33 MP: 2/2
  1007 | D:2      | Reached ** piety under Trog
  1158 | D:2      | You fall into a shaft and drop 1 floor!
  1168 | D:3      | Reached skill level 5 in Axes
  1168 | D:3      | Reached XP level 4. HP: 40/41 MP: 3/3
  1504 | D:2      | Found Eghidop's Weapon Shop.
  1707 | D:3      | Found a faded altar of an unknown god.
  1855 | D:4      | Reached XP level 5. HP: 22/47 MP: 4/4
  2080 | D:3      | Reached skill level 5 in Fighting
  2645 | D:3      | Noticed Ijyb
  2656 | D:3      | Killed Ijyb
  3159 | D:4      | Noticed a water moccasin
  3168 | D:4      | Killed a water moccasin
  3169 | D:4      | Reached XP level 6. HP: 56/56 MP: 5/5
  3279 | D:4      | Found a hide-covered altar of Uskayaw.
  3282 | D:4      | Found a sparkling altar of Nemelex Xobeh.
  3286 | D:4      | Found a stormy altar of Qazlal.
  3376 | D:4      | Found a blossoming altar of Fedhas.
  3925 | D:4      | Found Imahiarch's Assorted Antiques.
  4338 | D:5      | Entered Level 5 of the Dungeon
  4399 | D:5      | Reached skill level 6 in Fighting
  4403 | D:5      | Reached XP level 7. HP: 63/63 MP: 6/6
  4477 | D:5      | Identified the +8 sling of Paredyast {flame, rPois rN+
                  | Dex+5}
  4565 | D:5      | Reached *** piety under Trog
  4814 | D:5      | Reached skill level 7 in Fighting
  4839 | D:5      | Reached skill level 10 in Axes
  4965 | D:5      | Reached XP level 8. HP: 66/73 MP: 7/7
  5627 | D:6      | Found Xeeredam's Distillery.
  5697 | D:6      | Noticed Grinder
  5817 | D:6      | Killed Grinder
  5818 | D:6      | Reached skill level 8 in Fighting
  5982 | D:6      | Found a staircase to the Ecumenical Temple.
  6106 | D:6      | Reached skill level 9 in Fighting
  6107 | D:6      | Reached XP level 9. HP: 81/83 MP: 8/8
  6163 | D:6      | Found a glowing golden altar of the Shining One.
  6163 | D:6      | Found a white marble altar of Elyvilon.
  6164 | D:6      | Found a glowing silver altar of Zin.
  6487 | D:7      | Reached skill level 10 in Fighting
  6654 | D:7      | Reached **** piety under Trog
  6696 | D:7      | Found a transporter.
  6722 | D:7      | Reached skill level 11 in Fighting
  7021 | D:7      | Found an ancient bone altar of Kikubaaqudgha.
  7450 | D:7      | Noticed a troll
  7451 | D:7      | Found a transporter.
  7606 | D:8      | Reached skill level 12 in Fighting
  7673 | D:8      | Found an iron altar of Okawaru.
  7748 | D:8      | Noticed a boulder beetle
  7758 | D:8      | Killed a boulder beetle
  7759 | D:8      | Reached skill level 13 in Fighting
  7759 | D:8      | Reached XP level 10. HP: 101/101 MP: 9/9
  7881 | D:8      | Found a sand-covered staircase.
  7886 | Ossuary  | Entered an ossuary
  8143 | Ossuary  | Reached ***** piety under Trog
  8651 | D:8      | Found a staircase to the Lair.
  8695 | D:8      | Received a gift from Trog
  8923 | D:9      | Reached skill level 14 in Fighting
  9097 | D:9      | Identified the ring "Napie" {rElec rPois Will+ rCorr Int+6}
  9651 | D:10     | Entered Level 10 of the Dungeon
  9743 | D:10     | Noticed Maurice
  9760 | D:10     | Killed Maurice
  9938 | D:10     | Reached skill level 5 in Armour
  9980 | D:10     | Reached skill level 15 in Axes
 10089 | D:10     | Noticed a centaur warrior
 10097 | D:10     | Killed a centaur warrior
 10682 | D:10     | Found a staircase to the Orcish Mines.
 11073 | D:11     | Noticed a two-headed ogre
 11079 | D:11     | Killed a two-headed ogre
 11080 | D:11     | Reached skill level 15 in Fighting
 11080 | D:11     | Reached XP level 11. HP: 92/112 MP: 10/10
 12187 | D:11     | Noticed a green ugly thing
 12194 | D:11     | Killed a green ugly thing
 12302 | D:11     | Noticed a two-headed ogre
 12307 | D:11     | Killed a two-headed ogre
 12703 | Orc:1    | Entered Level 1 of the Orcish Mines
 12751 | Orc:1    | Found Poxel's Magic Scroll Boutique.
 12751 | Orc:1    | Noticed an orc sorcerer
 12752 | Orc:1    | Noticed Snorg
 12762 | Orc:1    | Killed an orc sorcerer
 12766 | Orc:1    | Killed Snorg
 13038 | Orc:1    | Found Qatibb's Jewellery Shoppe.
 13047 | Orc:1    | Received a gift from Trog
 13097 | Orc:1    | You fall into a shaft and drop 1 floor!
 13097 | Orc:2    | Entered Level 2 of the Orcish Mines
 13100 | Orc:2    | Found Udehuick's Assorted Antiques.
 13100 | Orc:2    | Noticed an orc knight
 13114 | Orc:2    | Killed an orc knight
 13150 | Orc:2    | Bought a scroll of blinking for 247 gold pieces
 13263 | Orc:1    | Found Nizial Roano's Weapon Shop.
 13302 | Orc:1    | Found Ziywn's Book Shop.
 13679 | Orc:2    | Noticed an orc warlord
 13679 | Orc:2    | Noticed an orc sorcerer
 13682 | Orc:2    | Killed an orc sorcerer
 13685 | Orc:2    | Reached skill level 16 in Fighting
 13687 | Orc:2    | Killed an orc warlord
 14078 | Orc:2    | Noticed an orc sorcerer
 14081 | Orc:2    | Killed an orc sorcerer
 14256 | Orc:2    | Noticed an orc knight
 14273 | Orc:2    | Killed an orc knight
 14274 | Orc:2    | Reached XP level 12. HP: 29/123 MP: 11/11
 14765 | Orc:2    | Noticed an orc warlord
 14777 | Orc:2    | Killed an orc warlord
 14778 | Orc:2    | Reached skill level 10 in Armour
 15741 | Orc:2    | Found a staircase to the Elven Halls.
 15934 | Orc:2    | Reached skill level 17 in Fighting
 16309 | Orc:2    | Found Vazusium's General Store.
 16309 | Orc:2    | Found Xocior's Distillery.
 16310 | Orc:2    | Found Ronan's Magic Scroll Shop.
 16312 | Orc:2    | Found Jecionur's Distillery.
 16559 | Lair:1   | Entered Level 1 of the Lair of Beasts
 16924 | Orc:1    | Bought a +6 ring of strength for 504 gold pieces
 17522 | Lair:1   | Noticed Fannar
 17536 | Lair:1   | Killed Fannar
 17537 | Lair:1   | Reached skill level 1 in Shields
 17960 | Lair:2   | Found a dark tunnel.
 17965 | Volcano  | Entered a volcano
 18245 | Volcano  | Reached XP level 13. HP: 134/134 MP: 12/12
 18254 | Volcano  | Noticed an orb of fire
 18325 | Volcano  | Noticed an orb of fire
 19179 | Lair:2   | Reached skill level 5 in Shields
 19240 | Lair:2   | Found a staircase to the Swamp.
 19250 | Lair:2   | Reached skill level 18 in Fighting
 19554 | Lair:2   | Found a hole to the Spider Nest.
 21929 | Lair:4   | Reached skill level 19 in Fighting
 21929 | Lair:4   | Reached XP level 14. HP: 123/146 MP: 7/13
 22767 | Lair:5   | Entered Level 5 of the Lair of Beasts
 22950 | Lair:5   | Reached skill level 10 in Shields
 22956 | Lair:5   | Reached skill level 15 in Armour
 23223 | Lair:5   | Received a gift from Trog
 23672 | Lair:5   | Reached skill level 20 in Fighting
 23675 | Lair:5   | Noticed Urug
 23683 | Lair:5   | Killed Urug
 24171 | Lair:5   | Found a runed translucent door.
 24333 | Lair:5   | Identified the +6 quarterstaff of the Enfolding Hawk
                  | {vorpal, Str+3}
 24336 | Lair:5   | Identified the +4 mace of Coleil {protect, Fragile Str+3
                  | Stlth+}
 24626 | Lair:5   | Found a staircase to the Slime Pits.
 24988 | D:12     | Received a gift from Trog
 25330 | D:12     | Reached XP level 15. HP: 115/155 MP: 11/14
 25747 | D:13     | Found a gate to the Vaults.
 26127 | D:13     | Found a runed translucent door.
 26836 | D:13     | Received a gift from Trog
 27330 | D:13     | Found a runed translucent door.
 27331 | D:13     | Found a runed translucent door.
 27486 | D:14     | Reached skill level 1 in Evocations
 27492 | D:14     | Reached skill level 21 in Fighting
 27495 | D:14     | Noticed Kirke
 27801 | D:14     | Killed Kirke
 28165 | D:14     | Found a white marble altar of Elyvilon.
 28364 | D:15     | Entered Level 15 of the Dungeon
 29076 | D:15     | Identified the +8 falchion of Anguish {elec, *Slow Fly
                  | rPois rN+}
 29155 | D:15     | Identified the +0 robe "Liuhuc" {rCorr}
 29254 | D:15     | Reached XP level 16. HP: 167/167 MP: 15/15
 29757 | D:15     | Found a staircase to the Depths.
 30225 | Swamp:1  | Entered Level 1 of the Swamp
 30958 | Swamp:1  | Received a gift from Trog
 33102 | Orc:2    | Bought a scroll of teleportation for 48 gold pieces
 33102 | Orc:2    | Bought a scroll of teleportation for 48 gold pieces
 33102 | Orc:2    | Bought a scroll of blinking for 120 gold pieces
 33104 | Orc:2    | Bought a potion of haste for 140 gold pieces
 33104 | Orc:2    | Bought a potion of heal wounds for 70 gold pieces
 33105 | Orc:2    | Bought a scroll of enchant armour for 97 gold pieces
 33105 | Orc:2    | Bought a scroll of blinking for 97 gold pieces
 33327 | Swamp:2  | Reached skill level 22 in Fighting
 33585 | Swamp:2  | Noticed a thorn hunter
 33608 | Swamp:2  | Killed a thorn hunter
 33822 | Swamp:3  | Reached skill level 15 in Shields
 33949 | Swamp:4  | Entered Level 4 of the Swamp
 34008 | Swamp:4  | HP: 8/168 [constriction (9)]
 34008 | Swamp:4  | Slain by an alligator

Illustrated notes

Levels and vault maps discovered:
D:1:      minmay_arrival_shoal_huts, layout_rooms
D:2:      layout_rooms, serial_shops, nicolae_shop_bloodbath_and_beyond
D:3:      layout_basic, shapermc_ecumenical_altar_notcrosses, glass_columns_a,
          minmay_misc_feat_columns, item_on_display_b, uniq_ijyb
D:4:      kennysheep_slugbush, layout_basic, grunt_temple_overflow_open,
          fedhas_altar_decomposition, serial_shops, nicolae_shop_statue_plus
D:5:      layout_loops_ring, minmay_manual_mares
D:6:      layout_rooms, good_gods_temple_1, minmay_temple_entry_butterflies,
          serial_shops, nicolae_stop_n_shop_2, minmay_misc_feat_five,
          uniq_grinder
D:7:      gammafunk_beogh_shrine, layout_basic,
          mainiacjoe_overflow_surrounded_room, grunt_decor_junction
D:8:      layout_rooms, amcnicky_altar_gilded, lair_entry_dummy,
          nicolae_ossuary_entry_catacombs
D:9:      layout_roguey
D:10:     layout_long_grid, david_orc_4, uniq_maurice
D:11:     layout_basic, portal_ice_cave_entry_pillars_1
D:12:     layout_rooms, minmay_fountain_box, the_hattery
D:13:     minmay_the_grid_triangle_9x9_recursive_2
          [minmay_the_grid_triangle_9x9_prize_top_heavy,
          minmay_the_grid_triangle_9x9_windchime,
          minmay_the_grid_triangle_9x9_longest,
          minmay_the_grid_triangle_9x9_fully_insulated_deathbox], layout_basic,
          david_vaults_3
D:14:     layout_cave_pools, chequers_serial_rivers_micro_a,
          corexii_corridor_pit, nicolae_elyvilon_peaceful_grove, uniq_kirke
D:15:     gammafunk_enter_depths_forms, layout_basic, minmay_misc_feat_cross
Lair:1:   layout_cave_pods, uniq_fannar
Lair:2:   layout_roguey, minmay_swamp_entry_swarm, spider_nest_entry_webs,
          nicolae_volcano_entry_s_turn, guppyfry_lair_drakes,
          serial_bayou_shore_b
Lair:3:   dreamdust_isle_of_ice, layout_small_grid, beast_lair_carwin_4,
          grunt_megastairs_1, serial_bayou_shore_a
Lair:4:   layout_cave_shapes
Lair:5:   minmay_lair_end_frog_pond, layout_loops_ring, slime_entry_2,
          gammafunk_lair_bear_cave, uniq_urug
Swamp:1:  nicolae_swamp_wrong_neighborhood, layout_basic_swamp,
          nicolae_swamp_decorative_isthmus
Swamp:2:  nzn_winding_woodlands_medium [nzn_winding_woodlands_hourglass,
          nzn_winding_woodlands_5x15_cabin, nzn_winding_woodlands_5x5_default,
          nzn_winding_woodlands_5x5_three,
          nzn_winding_woodlands_center_diamonds,
          nzn_winding_woodlands_5x5_checkerboard,
          nzn_winding_woodlands_5x5_open_star,
          nzn_winding_woodlands_5x15_jagged,
          nzn_winding_woodlands_5x5_closed_star], layout_basic_swamp,
          evilmike_swamp_ruin_house_5, swamp_pool2
Swamp:3:  layout_falls_marsh, evilmike_swamp_ruin_house_3
Swamp:4:  swamp, layout_basic_swamp
Orc:1:    layout_caves, serial_shops, shop, shop, nicolae_square_shop,
          nicolae_diamond_shop, uniq_snorg
Orc:2:    st_orc_rangers, layout_diamond_mine, serial_shops, nicolae_shop_stone

Skill      XL: |  1  2  3  4  5  6  7  8  9 10 11 12 13 14 15 16 |
---------------+-------------------------------------------------+-----
Axes           | 4 5 7 8 10 14 16 18 | 18.8
Fighting       | 4 5 6 7 9 13 15 16 17 19 20 21 22 | 22.2
Armour         | 6 9 12 14 15 17 18 | 18.4
Shields        | 3 8 11 13 15 | 15.1
Evocations     | 2 4 |  4.5
Dodging        | |  2.4

Action                   |  1- 3 |  4- 6 |  7- 9 | 10-12 | 13-15 | 16-18 || total
-------------------------+-------+-------+-------+-------+-------+-------++-------
Melee: Hand axe          |    69 |   123 |   238 |   163 |       |       ||   593
       Headbutt          |    10 |    14 |    50 |   138 |   170 |    49 ||   431
       Punch             |     1 |       |     3 |     4 |     3 |     2 ||    13
       Battleaxe         |       |       |       |   371 |       |       ||   371
       Broad axe         |       |       |       |    67 |   756 |   245 ||  1068
Invok: Berserk           |       |     6 |     6 |     9 |    17 |     4 ||    42
       Trog's Hand       |       |       |     4 |    14 |     7 |     5 ||    30
  Use: Scroll            |       |    12 |     4 |    12 |    11 |     4 ||    43
       Potion            |       |     2 |       |     1 |       |       ||     3
 Stab: Distracted        |     1 |       |       |     1 |       |       ||     2
       Petrified         |       |       |       |       |     1 |       ||     1
Armor: Animal skin       |    15 |     4 |       |       |       |       ||    19
       Leather armour    |       |    14 |    19 |       |       |       ||    33
       Steam dragon scal |       |       |    10 |       |       |       ||    10
       Plate armour      |       |       |    10 |   257 |       |       ||   267
       Chain mail        |       |       |     3 |       |   337 |   130 ||   470
Dodge: Dodged            |    40 |    91 |   135 |   211 |   241 |   103 ||   821
Block: Other             |       |       |       |       |     7 |    37 ||    44
       Reflection        |       |       |       |       |     1 |     1 ||     2
